 Dungeon Crawl Stone Soup version 0.28-a0-1233-g92def6ad0a (webtiles) character file.

Game seed: 16328128322812931791

46 Lekart the Skirmisher (level 3, 0/33 HPs)
             Began as a Draconian Chaos Knight on Dec 23, 2021.
             Was a Plaything of Xom.
             Slain by a gnoll (7 damage)
             ... on level 2 of the Dungeon.
             The game lasted 00:01:20 (1906 turns).

Lekart the Skirmisher (Draconian Chaos Knight)      Turns: 1906, Time: 00:01:20

Health: 0/33       AC:  5    Str: 14      XL:     3   Next: 46%
Magic:  3/3        EV: 12    Int: 12      God:    Xom [.*....]
Gold:   28         SH:  0    Dex: 11 (12) Spells: 2/2 levels left

rFire   . . .      SeeInvis .   a - +0 hand axe (chaos)
rCold   . . .      Faith    .   (no shield)
rNeg    . . .      Spirit   .   (armour unavailable)
rPois   .          Reflect  .   (helmet restricted)
rElec   .          Harm     .   (no cloak)
rCorr   .          Rampage  .   (no gloves)
Will    +....                   (no boots)
Stlth   +.........              (no amulet)
HPRegen 0.11/turn               d - ring of willpower
MPRegen 0.08/turn               (no ring)

@: no status effects
A: AC +5, unfitting armour, cold-blooded
a: Renounce Religion


You were on level 2 of the Dungeon.
You worshipped Xom.
You were a plaything of Xom.
You visited 1 branch of the dungeon, and saw 2 of its levels.

You collected 28 gold pieces.

Inventory:

Hand Weapons
 a - a +0 hand axe of chaos (weapon)
Jewellery
 d - a ring of willpower (left hand)
 f - a ring of fire
Scrolls
 b - a scroll of amnesia {unknown}
 c - 2 scrolls of identify {unknown}
 e - a scroll of brand weapon {unknown}
 g - a scroll of teleportation {unknown}
Potions
 h - a potion of curing {unknown}


   Skills:
 + Level 3.9 Fighting
 + Level 3.7 Axes
 + Level 2.6 Dodging


You had 2 spell levels left.
You didn't know any spells.
Your spell library contained the following spells:

 Spells                   Type           Power      Damage    Failure   Level
 Foxfire                  Conj/Fire      0%         2x1d4     32%         1
 Conjure Flame            Conj/Fire      0%         6-21      69%         3
 Inner Flame              Hex/Fire       0%         N/A       69%         3
 Flame Wave               Conj/Fire      0%         2d4       97%         4


Dungeon Overview and Level Annotations

Branches:
Dungeon (2/15)

Altars:


Innate Abilities, Weirdness & Mutations

Your plain brown scales are hard. (AC +5)
You cannot fit into any form of body armour.
You are cold-blooded and may be slowed by cold attacks.


Message History

There are monsters nearby!
A gnoll comes into view. It is wielding a +0 flail.
The gnoll shouts!
You hear an angry hiss.
The gnoll completely misses you.
The gnoll shouts!
You barely miss the gnoll.
An adder comes into view.
The gnoll barely misses you.
You hit the gnoll.
The gnoll is moderately wounded.
The gnoll hits you with a +1 vorpal flail!
The gnoll hits you with a +1 vorpal flail.
You hit the gnoll. You freeze the gnoll.
The gnoll is severely wounded.
You hit the gnoll.
The gnoll flickers and vanishes!
Deactivating autopickup; reactivate with Ctrl-A.
You tail-slap something.
Reactivating autopickup.
You feel a bit more experienced. The gnoll hits you with a +0 spear.
You closely miss the gnoll.
Xom decides to shift things around a little.
The gnoll blinks! x3
You are now a plaything of Xom.
The gnoll closely misses you.
You hit the gnoll. You tail-slap the gnoll.
The gnoll is moderately wounded.
The gnoll barely misses you. The adder bites you.
You hit the gnoll but do no damage.
The gnoll goes berserk!
Xom thinks this is hilarious!
The gnoll is moderately wounded.
You closely miss the gnoll. You barely miss the adder. The gnoll misses you.
The gnoll hits you from afar with a +0 spear.
The adder bites you. The gnoll hits you with a +0 whip.
* * * LOW HITPOINT WARNING * * *
The gnoll hits you with a +0 flail.
* * * LOW HITPOINT WARNING * * *
The gnoll hits you from afar with a +0 spear!
You die...
Xom bursts into laughter!

#.... #.... .... .. ...
... g.### .... g§. ....#
#S# .....##@# #.#
......gg# #.# .≈≈≈≈≈..# +.
.# #.# #≈.≈###§.!# #. #.#
#.# #§§≈ #≈..# #. #.# #.#
#≈§≈###≈.##.# #.#+#.###.#
≈§.≈§≈§≈..#.####......)..#
§....§....#.#............#
§≈.≈≈≈≈≈.............###.#


You could see 3 gnolls and an adder.

Vanquished Creatures
  A gnoll (D:2)
  2 endoplasms (D:2)
  2 giant cockroaches (D:1)
  5 hobgoblins
  2 jackals (D:1)
  5 kobolds
  3 ball pythons (D:1)
  6 bats
  A frilled lizard (D:1)
  5 goblins
  4 rats
  A spectral hobgoblin (D:1)
37 creatures vanquished.

Notes
Turn   | Place    | Note
-------+----------+-------------------------------------------
     0 | D:1      | Lekart the Draconian Chaos Knight began the quest for the
                  | Orb.
     0 | D:1      | Reached XP level 1. HP: 19/19 MP: 1/1
    82 | D:1      | XOM: silly message
   121 | D:1      | Found a faded altar of an unknown god.
   255 | D:1      | XOM: 2-stop teleportation journey
   264 | D:1      | Reached XP level 2. HP: 18/26 MP: 2/2
   363 | D:1      | XOM: silly message
   728 | D:1      | XOM is BORED!
  1244 | D:1      | XOM: noise
  1286 | D:2      | Reached XP level 3. HP: 33/33 MP: 3/3
  1305 | D:2      | XOM: stat loss: -1 Dex (11/12)
  1357 | D:2      | HP: 1/33 [poisoned by a goblin]
  1669 | D:2      | XOM: 1-stop teleportation journey
  1763 | D:2      | XOM: torment (18/33 hp)
  1904 | D:2      | XOM: blink monster(s)
  1906 | D:2      | Slain by a gnoll

Illustrated notes

Levels and vault maps discovered:
D:1:      dpeg_arrival_connections, layout_loops_corners,
          dreamdust_ecumenical_altar_drowned_temple,
          minmay_misc_feat_four_crosses
D:2:      layout_basic, kennysheep_boxes, uniq_terence

Action                   || total
-------------------------++-------
Melee: Hand axe          ||   103
       Tailslap          ||     9
Armor: Skin              ||    26
Dodge: Dodged            ||    78

Table legend: (Time is in decaauts)
 A = Elapsed time spent in this place.
 B = Non-inter-level travel time spent in this place.
 C = Inter-level travel time spent in this place.
 D = Time resting spent in this place.
 E = Time spent auto-exploring this place.
 F = Levels seen in this place.
 G = Mean time per level.
                   A        B        C        D        E       F      G
               +--------+--------+--------+--------+--------+-----+--------+
         Total |   1922 |   1835 |     87 |      0 |   1570 |   2 |  961.0 |
       Dungeon |   1922 |   1835 |     87 |      0 |   1570 |   2 |  961.0 |
               +--------+--------+--------+--------+--------+-----+--------+

Top non-repeatable levels by time:
     D:1: 1260 daAuts
     D:2: 661 daAuts
